 Dungeon Crawl Stone Soup version 0.29-a0-885-gb26ba3297d (webtiles) character file.

Game seed: 17617675048486556833

510242 Mesmaeker13 the Convoker (level 25, -5/208 (210) HPs)
             Began as a Naga Venom Mage on July 19, 2022.
             Was the Champion of Cheibriados.
             Killed from afar by a quicksilver dragon (20 damage)
             ... with a bolt of dispelling energy
             ... on level 5 of the Vaults on July 20, 2022.
             The game lasted 03:53:28 (71644 turns).

Mesmaeker13 the Convoker (Naga Venom Mage)         Turns: 71644, Time: 03:53:29

HP:   -5/208 (210)  AC: 38    Str: 40    XL:     25   Next: 50%
MP:   27/33         EV: 18    Int: 53    God:    Cheibriados [******]
Gold: 487           SH: 17    Dex: 28    Spells: 7/44 levels left

rFire   + + .      SeeInvis +   C - +9 scimitar "Fuxas" {freeze, rElec Int+8}
rCold   + + +      Faith    .   q - +2 shield of Resistance {rF++ rC++ Will++}
rNeg    + . .      Spirit   .   d - +4 pearl dragon scales
rPois   +          Reflect  .   Z - +1 helmet {Int+3}
rElec   +          Harm     .   N - +1 cloak {rC+}
rCorr   +          Rampage  .   A - +1 pair of gloves of Quantum Leap {rC+ Slay+2}
Will    ++...                   u - +3 barding {rC+}
Stlth   ++........              L - amulet of Xeagoo Qosa {RegenMP rC+ Int+7 Stlth+}
HPRegen 0.44/turn               F - ring of Zowuset {*Slow rElec rCorr Str+8}
MPRegen 0.63/turn               U - ring "Nyagu" {rPois rCorr EV+4}

@: weak-willed, slowed, studying Staves, lightly drained, very slow
A: AC +8, large, see invisible, deformed body, poison resistance, slowness 2,
spit poison 1, naga tail 2, frail 1, low MP 1
}: 2/15 runes: serpentine, barnacled
a: Spit Poison, Renounce Religion, Bend Time, Temporal Distortion, Slouch, Step
From Time


You were on level 5 of the Vaults.
You worshipped Cheibriados.
Cheibriados was exalted by your worship.
You visited 8 branches of the dungeon, and saw 42 of its levels.
You visited the Abyss 2 times.
You also visited: Ice Cave.

You collected 6005 gold pieces.
You spent 5518 gold pieces at shops.

Inventory:

Hand Weapons
 C - the +9 scimitar "Fuxas" (weapon) {freeze, rElec Int+8}
   (You took it off a naga ritualist on level 3 of the Snake Pit)

   It freezes those it strikes, dealing additional cold damage.
   It can also slow down cold-blooded creatures.
   Int:       It affects your intelligence (+8).
   rElec:     It insulates you from electricity.
Missiles
 t - 7 curare-tipped darts (quivered)
 v - 4 throwing nets
Armour
 d - +4 pearl dragon scales (worn)
 q - the +2 shield of Resistance (worn) {rF++ rC++ Will++}
   (You found it on level 3 of the Elven Halls)

   rF:        It greatly protects you from fire.
   rC:        It greatly protects you from cold.
   Will:      It greatly increases your willpower.
 u - a +3 barding of cold resistance (worn)
 w - the +5 leather armour of Serendipity {rF++}
   (You bought it in a shop on level 2 of the Orcish Mines)

   rF:        It greatly protects you from fire.
 A - the +1 pair of gloves of Quantum Leap (worn) {rC+ Slay+2}
   (You bought it in a shop on level 2 of the Shoals)

   Slay:      It affects your accuracy & damage with ranged weapons and melee
   (+2).
   rC:        It protects you from cold.
 N - a +1 cloak of cold resistance (worn)
 X - a +1 kite shield of reflection
 Z - a +1 helmet of intelligence (worn)
Jewellery
 e - a ring of flight
 n - a ring of willpower
 r - an amulet of the acrobat
 F - the ring of Zowuset (left hand) {*Slow rElec rCorr Str+8}
   (You acquired it on level 11 of the Dungeon)

   [ring of resist corrosion]

   Str:       It affects your strength (+8).
   rElec:     It insulates you from electricity.
   rCorr:     It protects you from acid and corrosion.
   *Slow:     It may slow you when you take damage.
 L - the amulet of Xeagoo Qosa (around neck) {RegenMP rC+ Int+7 Stlth+}
   (You took it off a merfolk on level 4 of the Shoals)

   [amulet of magic regeneration]

   It increases your rate of magic regeneration.
   Int:       It affects your intelligence (+7).
   rC:        It protects you from cold.
   Stlth:     It makes you more stealthy.
 U - the ring "Nyagu" (right hand) {rPois rCorr EV+4}
   (You took it off a deep elf master archer on level 3 of the Elven Halls)

   [ring of evasion]

   EV:        It affects your evasion (+4).
   rPois:     It protects you from poison.
   rCorr:     It protects you from acid and corrosion.
 Y - the ring of Pedowna {Fire rElec}
   (You took it off a deep elf pyromancer on level 3 of the Elven Halls)

   [ring of fire]

   It enhances your fire magic.
   rF:        It protects you from fire.
   rC:        It makes you vulnerable to cold.
   rElec:     It insulates you from electricity.
Wands
 R - a wand of digging (18)
Scrolls
 f - 2 scrolls of fear
 j - 7 scrolls of poison
 z - 12 scrolls of teleportation
 I - 5 scrolls of magic mapping
 J - 7 scrolls of fog
 O - a scroll of silence
 Q - 8 scrolls of immolation
Potions
 b - 2 potions of magic
 g - 6 potions of brilliance
 h - 8 potions of curing
 i - 11 potions of flight
 k - 5 potions of resistance
 B - 5 potions of attraction
 V - 8 potions of might
 W - 3 potions of berserk rage
Miscellaneous
 p - a box of beasts (inert)
 P - a phantom mirror (inert)
 T - a condenser vane


   Skills:
 - Level 15.4 Fighting
 + Level 12.1 Long Blades
 - Level 12.1 Maces & Flails
 - Level 10.6 Armour
 + Level 10.0 Dodging
 - Level 3.0 Stealth
 - Level 13.2 Shields
 + Level 10.0 Spellcasting
 - Level 12.6 Conjurations
 + Level 18.6 Summonings
 + Level 14.6 Translocations
 - Level 4.3 Transmutations
 - Level 11.1 Air Magic
 - Level 10.0 Poison Magic
 - Level 15.0 Invocations


You had 7 spell levels left.
You knew the following spells:

 Your Spells              Type           Power      Damage    Failure   Level
a - Summon Forest         Summ/Tloc      58%        N/A       1%          5
b - Summon Lightning Spi  Summ/Air       100%       N/A       1%          4
c - Mephitic Cloud        Conj/Pois/Air  98%        N/A       1%          3
d - Manifold Assault      Tloc           100%       N/A       1%          5
e - Olgreb's Toxic Radia  Pois           93%        N/A       1%          4
f - Malign Gateway        Summ/Tloc      58%        N/A       1%          7
g - Summon Cactus Giant   Summ           61%        N/A       1%          6
h - Ignite Poison         Fire/Tmut/Pois 67%        N/A       1%          3

Your spell library contained the following spells:

 Spells                   Type           Power      Damage    Failure   Level
 Magic Dart               Conj           100%       1d8       0%          1
 Blink                    Tloc           100%       N/A       0%          2
 Call Imp                 Summ           100%       N/A       0%          2
 Freeze                   Ice            100%       1d11      1%          1
 Slow                     Hex            100%       N/A       1%          1
 Sting                    Tmut/Pois      100%       1d8       1%          1
 Poisonous Vapours        Pois/Air       100%       N/A       1%          2
 Static Discharge         Conj/Air       100%       3-16/arc  1%          2
 Dazzling Flash           Conj/Hex       100%       N/A       1%          3
 Portal Projectile        Hex/Tloc       100%       N/A       1%          3
 Spider Form              Tmut/Pois      80%        N/A       1%          3
 Stone Arrow              Conj/Erth      100%       3d13      1%          3
 Airstrike                Air            49%        0-15+     1%          4
 Animate Armour           Summ/Erth      100%       N/A       1%          4
 Corpse Rot               Necr/Pois/Air  80%        N/A       1%          4
 Flame Wave               Conj/Fire      76%        2d14      1%          4
 Hailstorm                Conj/Ice       76%        3d16      1%          4
 Iskenderun's Mystic Bla  Conj/Tloc      100%       2d19      1%          4
 Sticky Flame             Conj/Fire      76%        2d9       1%          4
 Summon Ice Beast         Ice/Summ       90%        N/A       1%          4
 Irradiate                Conj/Tmut      43%        3d26      1%          5
 Iskenderun's Battlesphe  Conj           100%       2d15      1%          5
 Lightning Bolt           Conj/Air       50%        1d71      1%          5
 Summon Hydra             Summ           61%        N/A       1%          7
 Freezing Cloud           Conj/Ice/Air   42%        6-21      2%          5
 Conjure Ball Lightning   Conj/Air       50%        3x3d17    2%          6
 Ensorcelled Hibernation  Hex/Ice        52%        N/A       3%          2
 Scorch                   Fire           52%        2d7       3%          2
 Fireball                 Conj/Fire      38%        3d16      4%          5
 Frozen Ramparts          Ice            52%        1d7       6%          3
 Inner Flame              Hex/Fire       26%        N/A       6%          3
 Tukima's Dance           Hex            26%        N/A       6%          3
 Silence                  Hex/Air        35%        N/A       6%          5
 Ice Form                 Ice/Tmut       49%        N/A       9%          4
 Blade Hands              Tmut           32%        N/A       10%         5
 Orb of Destruction       Conj           51%        9d13      10%         7
 Eringya's Noxious Bog    Tmut/Pois      40%        N/A       17%         6
 Anguish                  Hex/Necr       13%        N/A       21%         4
 Animate Dead             Necr           26%        N/A       21%         4
 Cause Fear               Hex            13%        N/A       21%         4
 Dispel Undead            Necr           26%        3d13      21%         4
 Iron Shot                Conj/Erth      38%        9d8       24%         6
 Starburst                Conj/Fire      38%        6d11      24%         6
 Haunt                    Necr/Summ      45%        N/A       36%         7
 Agony                    Necr           26%        N/A       50%         5
 Metabolic Englaciation   Hex/Ice        13%        N/A       50%         5
 Storm Form               Tmut/Air       41%        N/A       58%         7
 Dragon Form              Tmut           32%        N/A       96%         7
 Death Channel            Necr           13%        N/A       97%         6
 Enfeeble                 Hex            13%        N/A       100%        7
 Summon Horrible Things   Summ           61%        N/A       7%          8
 Borgnjor's Revivificati  Necr           13%        N/A       100%        8
 Discord                  Hex            13%        N/A       100%        8
 Ignition                 Fire           13%        3d6       100%        8
 Infestation              Necr           13%        N/A       100%        8
 Lehudib's Crystal Spear  Conj/Erth      38%        10d9      100%        8
 Necromutation            Tmut/Necr      24%        N/A       100%        8
 Chain Lightning          Conj/Air       50%        3d66      100%        9
 Death's Door             Necr           13%        N/A       100%        9
 Fire Storm               Conj/Fire      38%        8d10      100%        9
 Shatter                  Erth           13%        3d13*     100%        9


Dungeon Overview and Level Annotations

Branches:
Dungeon (15/15)            Temple (0/1) D:7            Lair (5/5) D:8
 Shoals (4/4) Lair:3        Snake (4/4) Lair:2        Slime (0/5) Lair:5
    Orc (2/2) D:11            Elf (3/3) Orc:2        Vaults (5/5) D:14
  Crypt (0/3) Vaults:3     Depths (4/4) D:15            Zot (0/5) Depths:4
  IceCv (visited)

Altars:
Ashenzari
Cheibriados
Dithmenos
Gozag
Hepliaklqana
Makhleb
Nemelex Xobeh
Qazlal
Sif Muna
Vehumet
Xom
Yredelemnul
Zin
The Shining One
Lugonu

Shops:
D:3 *   D:8 =   D:13 !   D:14 :   Orc:1 :   Orc:2 =(?[   Elf:3 ??   Shoals:2 [
Shoals:3 *(*   Snake:1 *?   Snake:2 !   Vaults:1 (   Vaults:3 (   Vaults:4 (
Depths:1 ?

Portals:
Hell: Depths:1 Depths:2 Depths:3 Depths:4
Abyss: Lair:5 Depths:2 Depths:3 Depths:4
Pandemonium: Depths:2
Ziggurat: Depths:2
Trove: Vaults:1 (give +4 ice dragon scales)

Annotations:
D:4 1 exclusion
D:5 1 runed translucent door, eyesofgods1's ghost, amateur OpFi
D:14 2 transporters, Feivi's ghost, adept NaHu
D:15 1 runed translucent door, Semoopse's ghost, adept GrEE


Innate Abilities, Weirdness & Mutations

Your serpentine skin is tough. (AC +8)
You have supernaturally acute eyesight. (SInv)
Armour fits poorly on your strangely shaped body.
Your system is resistant to poisons. (rPois)
You cover ground very slowly.
You can spit poison.
You can use your snake-like lower body to constrict enemies.
You are frail. (-10% HP)
Your magical capacity is low. (-10% MP)


Message History

The vault warden shouts!
The yaktaur captain shouts! x2; You hear a shout!
A yaktaur comes into view. It is wielding a +0 rapier.
The yaktaur captain wields a +0 arbalest.
The yaktaur captain shoots a bolt.
You block the bolt.
The yaktaur captain shoots a bolt.
The bolt hits you!
* * * LOW HITPOINT WARNING * * *
You hear a shout!
Unknown command.
Blink to where?
Press: ? - help, Dir - move target A yaktaur comes into view.
It is wielding a staff of conjuration.
As you read the scroll of blinking, it crumbles to dust.
The vault warden shouts!
The yaktaur shouts!
You hear a deafening roar!
You hear a shout!
A quicksilver dragon comes into view.
The yaktaur wields a +1 arbalest of flaming.
It bursts into flame!
The yaktaur shoots a bolt.
The bolt hits you but does no damage.
A freezing wraith comes into view.
The quicksilver dragon moves out of view.
You hear a shout!
You feel much better.
An ironbound preserver comes into view. It is wielding a +0 morningstar.
The vault warden activates a sealing rune.
You block the yaktaur's attack.
The yaktaur shoots a bolt.
You block the bolt.
The yaktaur captain shoots a bolt.
The bolt hits you!
* * * LOW HITPOINT WARNING * * *
You block the yaktaur's attack.
The vault warden activates a sealing rune.
The yaktaur captain shoots a bolt.
The bolt closely misses you.
The bolt hits the yaktaur!
The quicksilver dragon roars deafeningly!
Unknown command.
As you read the scroll of teleportation, it crumbles to dust.
You feel strangely unstable.
The quicksilver dragon breathes dispelling energy at you.
The bolt of dispelling energy hits you!!
You feel strangely stable.
Your magical effects are unravelling.
You die...

#....# #. #D.#....######.#
####.D#....#.....#
......#..W.#.....#
.....#....#.....#
...[...)..).....
############..[.....######
..c.......c.[[[c<.(!......
............[[@c[<[.......
.C..........p.p<<.)(......
..............![.)$.......
############....).[.######
..p........p.
....#....#.....
....#..X.#####.
.....#....# .. .#


You could see a shadow dragon, a tentacled monstrosity, 2 ironbound preservers,
a quicksilver dragon (catching breath), 2 vault wardens, a yaktaur captain, 2
yaktaurs and a freezing wraith.

Vanquished Creatures
  2 dread liches
  Mennas (Vaults:4)
  Xtahua (Vaults:4)
  Vashnia (Snake:3)
  2 golden dragons
  A bone dragon (Abyss:3)
  2 tentacled monstrosities (Vaults:5)
  A deep elf blademaster (Elf:3)
  2 deep elf master archers (Elf:3)
  3 titans
  Asterion (Snake:1)
  A quicksilver dragon (Depths:3)
  4 sphinxes
  5 tentacled starspawn (Abyss:3)
  An ancient champion (Vaults:3)
  2 tengu reavers (Depths:3)
  4 shadow dragons
  The ghost of Anon1729 the Black Belt, an adept OpMo of Hepliaklqana (Shoals:2)
  A storm dragon (Vaults:5)
  A draconian knight (Depths:4)
  5 nagarajas
  An iron dragon (Depths:3)
  Aizul (Snake:2)
  7 fire giants
  14 vault wardens
  3 deep elf elementalists (Elf:3)
  3 orc warlords
  8 frost giants
  2 deep elf sorcerers (Elf:1)
  23 very ugly things
  A spriggan defender (Depths:2)
  13 ironbound preservers
  6 ironbound thunderhulks
  A green draconian (Depths:4)
  7 deep elf demonologists
  5 vampire knights
  14 stone giants
  A minotaur (Shoals:4)
  Azrael (Snake:2)
  A yellow draconian (Depths:4)
  An entropy weaver (Vaults:2)
  A black draconian (Depths:4)
  6 deep elf annihilators
  A dire elephant (shapeshifter) (Lair:5)
  9 dire elephants
  A red draconian (Depths:4)
  6 spark wasps
  5 ettins
  6 deep elf death magi
  A merfolk javelineer (Shoals:2)
  4 jiangshi
  2 crystal guardians (Vaults:3)
  A great orb of eyes (shapeshifter) (Lair:5)
  Josephine (D:10)
  3 fire dragons
  6 merfolk impalers
  3 great orbs of eyes
  A deep elf high priest (Elf:3)
  5 yaktaur captains
  3 rakshasas
  3 salamander tyrants (Snake:4)
  7 ice dragons
  29 vault guards
  A caustic shrike simulacrum (IceCv)
  8 hydras
  4 spriggan air magi
  A peacekeeper (Vaults:3)
  4 boulder beetles
  A death knight (D:14)
  3 merfolk avatars (Shoals:1)
  A hell beast (Depths:1)
  14 centaur warriors
  Erolcha (D:11)
  5 ironbound frosthearts
  11 anacondas
  4 ogre magi (Orc:2)
  27 naga warriors
  3 alligator snapping turtles
  5 death yaks
  3 deep troll shamans (Depths:2)
  25 dancing weapons
  5 tengu warriors
  9 deep troll earth magi
  7 satyrs
  4 merfolk aquamancers
  20 two-headed ogres
  A hell hog (Depths:1)
  5 thrashing horrors
  The ghost of Xoff the Thaumaturge, a novice GnHW of Yredelemnul (D:8)
  4 vampire magi
  17 naga sharpshooters
  3 orc high priests
  9 shock serpents
  3 wretched stars (Abyss:3)
  4 spriggan berserkers
  6 iron trolls
  6 nameless horrors
  14 deep elf knights
  3 hell knights
  A sixfirhy (Abyss:3)
  3 soul eaters
  Amaemon (Lair:2)
  A skeletal warrior (D:14)
  3 fire crabs
  9 salamander mystics
  41 deep trolls
  12 sea snakes
  A glowing orange brain (Depths:1)
  A bog body (Lair:1)
  11 ironbound convokers
  An orange crystal statue (IceCv)
  3 phantasmal warriors
  A tengu zombie (Vaults:2)
  8 lindwurms
  9 deep elf archers
  10 naga ritualists
  Pikel (D:4)
  16 large abominations
  15 mana vipers
  6 wizards
  16 harpies
  A harpy (shapeshifter) (Depths:3)
  A tengu skeleton (Depths:2)
  4 necromancers
  24 deep elf pyromancers
  10 orc knights
  13 fauns
  18 deep elf zephyrmancers
  A fire giant zombie (Depths:2)
  A wolf spider (shapeshifter) (Depths:1)
  17 manticores
  A shining eye (Abyss:3)
  23 salamanders
  3 oklob plants (Snake:3)
  5 orc sorcerers
  38 ugly things
  A worldbinder (Abyss:3)
  4 cyclopes
  6 merfolk sirens
  5 centaur zombies
  An apocalypse crab (Abyss:3)
  42 black mambas
  19 naga magi
  An ice statue (Elf:3)
  A frost giant skeleton (Vaults:1)
  16 elephants
  3 guardian serpents
  A yaktaur zombie (Vaults:1)
  3 water nymphs
  3 molten gargoyles
  A cane toad (shapeshifter) (D:14)
  A fire giant skeleton (Depths:2)
  A cane toad (Lair:1)
  An orange demon (Lair:2)
  A gargoyle (D:12)
  4 rime drakes
  11 vault sentinels
  13 yaktaurs
  An unseen horror (Abyss:3)
  A centaur skeleton (D:12)
  5 komodo dragons
  A yaktaur (shapeshifter) (D:15)
  2 freezing wraiths (IceCv)
  4 tengu conjurers
  An elf skeleton (Vaults:2)
  3 kobold demonologists
  2 anaconda simulacra (IceCv)
  2 ancient zymes
  An efreet (D:13)
  A yaktaur skeleton (Vaults:2)
  5 trolls
  A hellwing (Abyss:3)
  A queen bee (shapeshifter) (Elf:2)
  3 meliai (D:15)
  27 merfolk
  6 polar bears
  3 hornets
  4 raiju (Abyss:3)
  26 slime creatures
  8 wind drakes
  3 snapping turtles
  2 dream sheep
  23 blink frogs
  Sigmund (D:3)
  2 centaur simulacra
  3 air elementals
  A vampire (D:12)
  5 ynoxinuls
  A dire elephant simulacrum (IceCv)
  4 fire elementals
  16 water elementals
  3 shadows
  6 spriggans
  4 wyverns
  Eustachio (D:6)
  6 wraiths
  9 basilisks
  9 chaos spawn
  26 yaks
  A fire bat (Shoals:1)
  3 steam dragons
  3 golden eyes (Abyss:3)
  Grum (D:8)
  A death yak simulacrum (Lair:1)
  A neqoxec (Abyss:3)
  An elf simulacrum (Vaults:1)
  A redback (D:14)
  A warg (Orc:1)
  A harpy simulacrum (Lair:1)
  54 nagas
  12 small abominations
  3 hell hounds (Snake:2)
  An acid dragon (D:10)
  A water moccasin (shapeshifter) (Depths:2)
  Edmund (D:4)
  18 water moccasins
  2 ice beasts
  2 alligator simulacra (IceCv)
  19 orc warriors
  3 black bears
  3 centaurs
  32 ogres
  4 boggarts (D:15)
  A lemure (D:4)
  22 wolves
  A kobold brigand (D:11)
  An earth elemental (Elf:3)
  9 bullfrogs
  A gnoll sergeant (D:8)
  4 necrophages
  A cane toad simulacrum (Lair:1)
  An ogre simulacrum (Vaults:1)
  2 human skeletons
  A two-headed ogre simulacrum (Lair:1)
  4 scorpions
  5 wights (D:8)
  9 killer bees
  An elephant simulacrum (Lair:1)
  3 lindwurm simulacra (IceCv)
  12 howler monkeys
  A crimson imp (D:7)
  2 hounds (D:6)
  2 jellies
  Crazy Yiuf (D:4)
  16 orc priests
  An iguana (D:6)
  19 orc wizards
  A killer bee simulacrum (D:8)
  8 adders
  3 gnolls (D:3)
  A naga simulacrum (Lair:1)
  A shadow imp (D:6)
  3 white imps (D:7)
  A howler monkey simulacrum (D:8)
  2 worms (D:2)
  3 dart slugs
  63 orcs
  5 ball pythons
  9 endoplasms
  3 giant cockroaches
  5 hobgoblins
  19 kobolds
  4 quokkas
  2 bats (D:1)
  5 frilled lizards
  9 goblins
  8 rats
  2 starspawn tentacles (Abyss:3)
1649 creatures vanquished.

Vanquished Creatures (collateral kills)
  A dread lich (Vaults:4)
  A juggernaut (Depths:4)
  Margery (Vaults:5)
  Nikola (Depths:1)
  A bone dragon (Abyss:3)
  A deep elf blademaster (Elf:3)
  2 tentacled monstrosities
  3 sphinxes
  A tengu reaver (Depths:2)
  Ilsuiw (Shoals:2)
  2 frost giants
  A draconian scorcher (Depths:4)
  4 vault wardens
  An orc warlord (Vaults:1)
  4 fire giants
  A very ugly thing (shapeshifter) (Vaults:4)
  9 very ugly things
  4 ironbound preservers
  3 stone giants
  An ironbound thunderhulk (Vaults:4)
  2 deep elf demonologists (Elf:3)
  A yellow draconian (Depths:4)
  A red draconian (Depths:4)
  2 deep elf annihilators
  A minotaur (Shoals:4)
  8 dire elephants
  4 ettins
  A deep elf death mage (Elf:3)
  3 fire dragons
  A jiangshi (Vaults:3)
  A deep elf high priest (Elf:3)
  5 ice dragons
  3 great orbs of eyes
  2 vault guards (Vaults:5)
  2 rakshasas
  A spriggan air mage (Depths:4)
  2 ironbound frosthearts
  A merfolk aquamancer (Shoals:4)
  A centaur warrior (Vaults:4)
  A satyr (Shoals:4)
  2 naga warriors (Snake:4)
  4 dancing weapons (Elf:2)
  2 deep troll earth magi (Depths:4)
  2 deep troll shamans (Depths:2)
  3 tengu warriors
  A spriggan berserker (Depths:4)
  A naga sharpshooter (Snake:4)
  3 hell knights (Depths:3)
  2 deep elf knights (Elf:2)
  4 iron trolls
  A salamander mystic (Depths:2)
  A spatial maelstrom (Abyss:3)
  22 deep trolls
  A sea snake (Shoals:2)
  3 ironbound convokers
  2 wizards
  4 necromancers
  2 orc knights
  A harpy (Shoals:4)
  2 deep elf zephyrmancers (Elf:1)
  A phantasmal warrior (Vaults:5)
  A deep elf pyromancer (Elf:2)
  A lindwurm (Vaults:2)
  A harpy (shapeshifter) (Vaults:4)
  A faun (Shoals:4)
  16 ugly things
  A worldbinder (Abyss:3)
  2 manticores (Shoals:4)
  5 salamanders
  2 black mambas (Snake:4)
  3 merfolk sirens
  3 naga magi
  4 vault sentinels
  A smoke demon (Abyss:3)
  An orange demon (Abyss:3)
  11 yaktaurs
  A tengu conjurer (Depths:3)
  6 merfolk
  A hornet (Depths:3)
  A nameless horror (Vaults:2)
  A wind drake (Shoals:3)
  A dream sheep (Shoals:4)
  9 slime creatures
  A snapping turtle (Shoals:2)
  A shapeshifter (Vaults:5)
  2 water elementals (Shoals:4)
  A redback (shapeshifter) (Vaults:5)
  A chaos spawn (Depths:3)
  3 large abominations
  A neqoxec (Abyss:3)
  6 nagas
  A redback (Vaults:2)
  4 spatial vortices (Abyss:3)
  A small abomination (Abyss:3)
  2 lindwurm simulacra (IceCv)
  A quasit (Abyss:3)
  7 starcursed masses (Abyss:3)
  An iron imp (Abyss:3)
  A white imp (Abyss:3)
  2 starspawn tentacles (Abyss:3)
259 creatures vanquished.

Vanquished Creatures (others)
  28 eldritch tentacles
  A fire giant (Depths:3)
  A naga ritualist (Snake:4)
  3 deep elf zephyrmancers
  A deep elf pyromancer (Elf:1)
  A manticore (Shoals:4)
  A slime creature (Vaults:3)
  A ynoxinul (Abyss:3)
  A small abomination (Depths:3)
  A howler monkey simulacrum (D:8)
  47 ball lightnings
  3 bushes (D:8)
  34 fungi
  118 plants
  12 snaplasher vines
  6 starspawn tentacles (Abyss:3)
  2 withered plants (D:15)
261 creatures vanquished.

Grand Total: 2169 creatures vanquished

Notes
Turn   | Place    | Note
-------+----------+-------------------------------------------
     0 | D:1      | Mesmaeker13 the Naga Venom Mage began the quest for the
                  | Orb.
     0 | D:1      | Reached XP level 1. HP: 15/15 MP: 3/3
   288 | D:1      | Reached XP level 2. HP: 21/22 MP: 0/5
  1070 | D:1      | Reached XP level 3. HP: 28/28 MP: 4/6
  1390 | D:2      | Learned a level 2 spell: Poisonous Vapours
  1402 | D:2      | You fall into a shaft and drop 1 floor!
  1672 | D:3      | Reached skill level 1 in Air Magic
  1672 | D:3      | Reached XP level 4. HP: 14/36 MP: 0/7
  1797 | D:3      | Reached skill level 5 in Poison Magic
  1904 | D:3      | Found a shimmering altar of Xom.
  1953 | D:2      | Noticed Sigmund
  2569 | D:3      | Reached XP level 5. HP: 34/42 MP: 1/8
  2846 | D:3      | Found Learegidgh's General Store.
  2970 | D:3      | Found a faded altar of an unknown god.
  3194 | D:4      | Found a runed translucent door.
  3315 | D:4      | Noticed a lemure
  3333 | D:4      | Learned a level 3 spell: Mephitic Cloud
  3360 | D:4      | Noticed Edmund
  3372 | D:4      | Killed Edmund
  3373 | D:4      | Reached XP level 6. HP: 21/49 MP: 4/9
  3571 | D:4      | Found a snail-covered altar of Cheibriados.
  3591 | D:4      | Became a worshipper of Cheibriados the Contemplative
  3964 | D:4      | Noticed Pikel
  3973 | D:4      | Killed Pikel
  3974 | D:4      | Reached XP level 7. HP: 16/55 MP: 4/10
  4363 | D:4      | Found an opulent altar of Gozag.
  4410 | D:4      | Reached XP level 8. HP: 62/62 MP: 4/11
  4545 | D:5      | Entered Level 5 of the Dungeon
  4650 | D:5      | Found a broken altar of Ashenzari.
  4651 | D:5      | Found a basalt altar of Yredelemnul.
  4715 | D:5      | Reached skill level 1 in Conjurations
  4802 | D:5      | Found a glowing silver altar of Zin.
  4803 | D:5      | Found a runed translucent door.
  4806 | D:5      | Noticed eyesofgods1's ghost (amateur OpFi)
  4816 | D:5      | Learned a level 1 spell: Magic Dart
  4860 | D:5      | Found a shadowy altar of Dithmenos.
  5351 | D:5      | Reached * piety under Cheibriados
  5608 | D:6      | Noticed Eustachio
  5621 | D:6      | Killed Eustachio
  5793 | D:6      | Reached skill level 5 in Air Magic
  5879 | D:6      | Reached XP level 9. HP: 47/68 MP: 2/12
  6038 | D:6      | Identified the +10 whip of Kumisu {freeze, rF- rC++ Str+3}
  6145 | D:6      | Reached skill level 5 in Dodging
  7071 | D:7      | Found a hazy altar of Hepliaklqana.
  7077 | D:7      | Learned a level 4 spell: Olgreb's Toxic Radiance
  7103 | D:7      | Reached ** piety under Cheibriados
  7649 | D:7      | Found a staircase to the Ecumenical Temple.
  8512 | D:3      | Killed Sigmund
  9011 | D:4      | Reached skill level 1 in Armour
  9095 | D:4      | Noticed Crazy Yiuf
  9106 | D:4      | Killed Crazy Yiuf
  9354 | D:8      | Reached skill level 5 in Conjurations
  9412 | D:8      | Reached XP level 10. HP: 61/75 MP: 10/13
  9618 | D:8      | Reached skill level 10 in Poison Magic
  9651 | D:8      | Found a runed translucent gate.
  9651 | D:8      | Found a runed translucent gate.
  9652 | D:8      | Found a runed translucent gate.
  9776 | D:8      | Reached *** piety under Cheibriados
  9826 | D:8      | Noticed Xoff's ghost (novice GnHW)
 10282 | D:8      | Found a staircase to the Lair.
 10352 | D:8      | Noticed a two-headed ogre
 10392 | D:8      | Killed a two-headed ogre
 10393 | D:8      | Reached skill level 1 in Invocations
 10692 | D:8      | Identified the +1 ring mail of the Grinning Gods {rPois rC-
                  | Dex-3 Slay+5}
 10740 | D:8      | Found Eghewk's Jewellery Emporium.
 10743 | D:8      | Bought a +4 ring of evasion for 468 gold pieces
 10775 | D:8      | Noticed Grum
 10814 | D:8      | Killed Grum
 10818 | D:8      | Reached **** piety under Cheibriados
 10860 | D:8      | Reached XP level 11. HP: 77/81 MP: 8/17
 11122 | D:9      | Noticed a two-headed ogre
 11129 | D:9      | Killed a two-headed ogre
 11634 | D:9      | Found a glowing golden altar of the Shining One.
 11881 | D:10     | Entered Level 10 of the Dungeon
 11894 | D:10     | Reached skill level 5 in Spellcasting
 11943 | D:10     | Noticed a cyclops
 12308 | D:10     | Killed a cyclops
 12408 | D:10     | Noticed Josephine
 12420 | D:10     | Killed Josephine
 12529 | D:10     | Found a burning altar of Makhleb.
 12782 | D:10     | Found a shimmering blue altar of Sif Muna.
 12882 | D:11     | Noticed a two-headed ogre
 12916 | D:11     | Reached skill level 5 in Armour
 12916 | D:11     | Reached skill level 5 in Invocations
 12943 | D:11     | Reached ***** piety under Cheibriados
 13121 | D:11     | Noticed Erolcha
 13133 | D:11     | Killed Erolcha
 13226 | D:11     | Reached XP level 12. HP: 79/88 MP: 14/21
 13292 | D:11     | Identified 2 scrolls of acquirement
 13293 | D:11     | Acquired a book of the Spheres
 13296 | D:11     | Noticed a two-headed ogre
 13309 | D:10     | Killed a two-headed ogre
 13444 | D:10     | Learned a level 5 spell: Iskenderun's Battlesphere
 13539 | D:11     | Noticed a boulder beetle
 13554 | D:11     | Killed a boulder beetle
 13621 | D:11     | Acquired the ring of Zowuset {*Slow rElec rCorr Str+8}
 13777 | D:11     | Killed a two-headed ogre
 13881 | D:11     | Found a staircase to the Orcish Mines.
 14149 | Lair:1   | Entered Level 1 of the Lair of Beasts
 14149 | Lair:1   | Noticed a six-headed hydra
 14156 | Lair:1   | Killed a six-headed hydra
 14157 | Lair:1   | Reached skill level 1 in Maces & Flails
 14536 | D:12     | Noticed a two-headed ogre
 14547 | D:12     | Killed a two-headed ogre
 14622 | D:12     | Found a broken altar of Ashenzari.
 14622 | D:12     | Found a gate leading to a gauntlet.
 14853 | D:12     | Identified the +1 chain mail of Pemaeh {Drain Dex+10}
 15648 | D:12     | Gained mutation: You can use your snake-like lower body to
                  | constrict enemies. [Naga growth]
 15648 | D:12     | Reached XP level 13. HP: 77/94 MP: 13/24
 16809 | Lair:1   | Reached skill level 10 in Conjurations
 16962 | Lair:1   | Reached skill level 5 in Maces & Flails
 17461 | Lair:2   | Noticed Amaemon
 17481 | Lair:2   | Killed Amaemon
 17705 | Lair:2   | Learned a level 6 spell: Conjure Ball Lightning
 17856 | Lair:2   | Found a staircase to the Snake Pit.
 18597 | Lair:3   | Acquired the +8 great mace of Intense Indomitability
                  | {spect, MP+9}
 18984 | Lair:3   | Found a staircase to the Shoals.
 19079 | Lair:3   | Identified the +9 whip "Husoefeg" {freeze, rF- rC+++ rN+++
                  | MP+9}
 19761 | Lair:4   | Acquired a +0 barding of cold resistance
 20217 | Lair:4   | Reached XP level 14. HP: 101/102 MP: 26/26
 20519 | Lair:4   | Learned a level 6 spell: Summon Cactus Giant
 20712 | Lair:5   | Entered Level 5 of the Lair of Beasts
 20793 | Lair:5   | Reached skill level 1 in Summonings
 20857 | Lair:5   | Reached ****** piety under Cheibriados
 20965 | Lair:5   | Reached skill level 10 in Invocations
 20979 | Lair:5   | Reached skill level 2 in Summonings
 21368 | Lair:5   | Found a staircase to the Slime Pits.
 21509 | Lair:5   | Identified the ring of the Empire {rCorr MP+9 Dex+3}
 21527 | Lair:5   | Noticed an emperor scorpion
 21535 | Lair:5   | Noticed a dire elephant
 21535 | Lair:5   | an emperor scorpion changed into a dire elephant
 21538 | Lair:5   | Killed a dire elephant
 21598 | Lair:5   | Reached skill level 3 in Summonings
 22244 | Lair:5   | Found a corrupted altar of Lugonu.
 22244 | Lair:5   | Found a one-way gate to the infinite horrors of the Abyss.
 22247 | Lair:5   | Found the +5 lochaber axe {reach-cleave, poleaxe}
 22533 | D:8      | Killed Xoff's ghost
 22692 | Orc:1    | Entered Level 1 of the Orcish Mines
 22968 | Orc:1    | Found Ricsock's Book Shoppe.
 23015 | Orc:1    | Found a burning altar of Makhleb.
 23098 | Orc:2    | Entered Level 2 of the Orcish Mines
 23104 | Orc:2    | Reached skill level 4 in Summonings
 23104 | Orc:2    | Reached XP level 15. HP: 102/108 MP: 19/27
 23614 | Orc:2    | Reached skill level 10 in Air Magic
 23851 | Orc:2    | Reached skill level 5 in Summonings
 23976 | Orc:2    | Found Ijareir's Armour Emporium.
 23976 | Orc:2    | Found Dosh's Magic Scroll Boutique.
 23977 | Orc:2    | Found Gaufioxoop's Antique Weapon Boutique.
 23977 | Orc:2    | Found Issyvuti's Jewellery Shoppe.
 24031 | Orc:2    | Found a staircase to the Elven Halls.
 24371 | D:13     | Found Rauhezou's Distillery.
 25147 | D:14     | Noticed Feivi's ghost (adept NaHu)
 25148 | D:14     | Found a transporter.
 25148 | D:14     | Identified the +5 great mace of Shame {vorpal, Int-5 Dex+3
                  | SInv}
 25148 | D:14     | Identified the +0 great mace of Faagoowe {protect, Dex+7
                  | Stlth+}
 25152 | D:14     | Found a transporter.
 25512 | D:14     | Found Qaxel's Book Emporium.
 25521 | D:14     | Bought a Trismegistus Codex for 308 gold pieces
 25526 | D:14     | Learned a level 3 spell: Ignite Poison
 25601 | D:14     | Found a glowing golden altar of the Shining One.
 25681 | D:14     | Found a gate to the Vaults.
 25684 | D:14     | Reached skill level 6 in Summonings
 25700 | D:14     | Reached XP level 16. HP: 53/115 MP: 24/28
 25862 | D:14     | Found a stormy altar of Qazlal.
 26146 | D:15     | Entered Level 15 of the Dungeon
 26282 | D:15     | Reached skill level 1 in Shields
 26306 | D:15     | Found a runed translucent door.
 26317 | D:15     | Identified the +4 ring mail "Veopefug" {Harm rC+}
 26325 | D:15     | Noticed Semoopse's ghost (adept GrEE)
 27166 | D:15     | Found a staircase to the Depths.
 27503 | Snake:1  | Entered Level 1 of the Snake Pit
 27634 | Snake:1  | Reached skill level 7 in Summonings
 27752 | Snake:1  | Reached skill level 10 in Maces & Flails
 27761 | Snake:1  | Noticed Asterion
 27773 | Snake:1  | Killed Asterion
 27961 | Snake:1  | Found Jeprinn's General Store.
 28015 | Snake:1  | Found Vyguk's Magic Scroll Emporium.
 28698 | Orc:1    | Bought an Inescapable Atlas for 578 gold pieces
 28903 | Snake:2  | Noticed a nagaraja
 28950 | Snake:2  | Found Eceene Luedd's Distillery.
 29027 | Snake:1  | Bought a scroll of enchant armour for 112 gold pieces
 29027 | Snake:1  | Bought a scroll of enchant weapon for 112 gold pieces
 29493 | Orc:2    | Bought the +5 leather armour of Serendipity {rF++} for 721
                  | gold pieces
 29748 | Snake:2  | Found the brooch of Shielding {Spirit SH+8}
 29760 | Snake:2  | Reached skill level 8 in Summonings
 30046 | Snake:2  | Reached XP level 17. HP: 101/121 MP: 14/29
 30202 | Snake:2  | Noticed Azrael
 30221 | Snake:2  | Killed Azrael
 30339 | Snake:2  | Reached skill level 5 in Shields
 30434 | Snake:2  | Noticed Aizul
 30452 | Snake:2  | Killed Aizul
 31364 | Snake:2  | Reached skill level 9 in Summonings
 32372 | Snake:3  | Identified the +9 scimitar "Fuxas" {freeze, rElec Int+8}
 32421 | Snake:3  | Noticed Vashnia
 32439 | Snake:3  | Killed Vashnia
 33046 | Snake:3  | Found a snail-covered altar of Cheibriados.
 33213 | Snake:3  | Reached skill level 10 in Summonings
 33825 | Snake:4  | Entered Level 4 of the Snake Pit
 34010 | Snake:4  | Reached XP level 18. HP: 96/128 MP: 19/30
 34180 | Snake:4  | Reached skill level 1 in Fighting
 35591 | Snake:4  | Reached skill level 15 in Invocations
 35637 | Snake:4  | Reached skill level 11 in Summonings
 36496 | Snake:4  | Got a serpentine rune of Zot
 37160 | D:14     | Bought a book of Storms for 352 gold pieces
 37342 | Lair:1   | Learned a level 4 spell: Summon Lightning Spire
 37438 | Shoals:1 | Entered Level 1 of the Shoals
 37593 | Shoals:1 | Reached skill level 5 in Fighting
 37684 | Shoals:1 | Identified the +1 leather armour "Ocim" {Will+ Str+3}
 38219 | Shoals:2 | Noticed Ilsuiw
 38532 | Shoals:2 | Found Mipust's Armour Boutique.
 38713 | Shoals:2 | Reached skill level 12 in Summonings
 38734 | Shoals:2 | Reached XP level 19. HP: 135/156 MP: 11/31
 38778 | Shoals:2 | Killed Ilsuiw
 39082 | Shoals:2 | Found a large runed translucent door.
 39082 | Shoals:2 | Found a large runed translucent door.
 39088 | Shoals:2 | Noticed Anon1729's ghost (adept OpMo)
 39125 | Shoals:2 | Killed Anon1729's ghost
 39134 | Shoals:2 | Got Etodd's Disquisition on Generative Guile
 39569 | Lair:1   | Learned a level 5 spell: Summon Forest
 39826 | Shoals:3 | Found Zaul's Assorted Antiques.
 39830 | Shoals:3 | Found Yggus's Weapon Shoppe.
 39858 | Shoals:3 | Found Qaapuloc's General Store.
 39990 | Shoals:3 | Reached skill level 1 in Translocations
 40598 | Shoals:4 | Entered Level 4 of the Shoals
 40987 | Shoals:2 | Bought the +1 pair of gloves of Quantum Leap {rC+ Slay+2}
                  | for 542 gold pieces
 41101 | Shoals:4 | Reached skill level 10 in Shields
 41302 | Shoals:4 | Identified the amulet of Xeagoo Qosa {RegenMP rC+ Int+7
                  | Stlth+}
 41901 | Shoals:4 | Reached skill level 13 in Summonings
 42207 | Shoals:4 | Got a barnacled rune of Zot
 42791 | Elf:1    | Entered Level 1 of the Elven Halls
 42810 | Elf:1    | Found a radiant altar of Vehumet.
 42820 | Elf:1    | Reached skill level 5 in Translocations
 42995 | Elf:1    | Identified the +3 leather armour of Cokurph {Contam rF+ rN+
                  | Stlth+}
 43695 | Elf:1    | Reached XP level 20. HP: 171/171 MP: 32/32
 43760 | Elf:1    | Found a radiant altar of Vehumet.
 44605 | Elf:2    | Paralysed by an air elemental for 1 turns
 44726 | Elf:2    | Found a runed translucent gate.
 44726 | Elf:2    | Found a runed translucent gate.
 44727 | Elf:2    | Found a runed translucent gate.
 45841 | Elf:2    | Reached skill level 14 in Summonings
 46049 | Elf:3    | Entered Level 3 of the Elven Halls
 46218 | Elf:3    | Found a frozen archway.
 46226 | Elf:3    | Reached skill level 10 in Fighting
 46230 | IceCv    | Entered an ice cave
 46484 | IceCv    | Found a transporter.
 46496 | IceCv    | Found a transporter.
 46766 | Elf:3    | Paralysed by an air elemental for 1 turns
 46775 | Elf:3    | Identified the ring "Nyagu" {rPois rCorr EV+4}
 46993 | Elf:3    | Identified the +5 morningstar "Joutoliu" {holy, rPois rN+}
 46993 | Elf:3    | Identified the ring of Pedowna {Fire rElec}
 47147 | Elf:3    | Found Plog's Magic Scroll Emporium.
 47167 | Elf:3    | Identified the +10 falchion "Evacrag" {flame, Dex+2}
 47366 | Elf:3    | Found Mime's Magic Scroll Emporium.
 48043 | Elf:3    | Identified the +3 halberd "Tormentor" {pain, Str+3 Stlth+}
 48299 | Elf:3    | Noticed a Tzitzimitl
 48797 | Elf:3    | Reached XP level 21. HP: 182/186 MP: 29/33
 48869 | Elf:3    | Identified the +0 pair of boots of Defence {rPois}
 48924 | Elf:3    | Found the +2 shield of Resistance {rF++ rC++ Will++}
 49468 | Depths:1 | Entered Level 1 of the Depths
 49648 | Depths:1 | Reached skill level 1 in Long Blades
 50291 | Depths:1 | Noticed Nikola
 50315 | Depths:1 | Killed Nikola
 50552 | Depths:1 | Found a gateway to Hell.
 50557 | Depths:1 | Reached skill level 15 in Summonings
 50828 | Depths:1 | Found Yfiac's Magic Scroll Shoppe.
 50835 | Depths:1 | Bought a scroll of enchant armour for 105 gold pieces
 50866 | Depths:1 | You fall into a shaft and drop 1 floor!
 51098 | Depths:2 | Noticed a dread lich
 51117 | Depths:2 | Killed a dread lich
 51466 | Depths:2 | Found a one-way gateway to a ziggurat.
 52211 | Depths:1 | Found a sparkling altar of Nemelex Xobeh.
 52602 | Depths:2 | Identified the +7 broad axe of Watchfulness {pain, rElec
                  | rN++ Will- Dex+4}
 52656 | Depths:2 | Reached skill level 5 in Long Blades
 52759 | Depths:2 | Reached skill level 10 in Translocations
 53105 | Depths:2 | Reached XP level 22. HP: 123/198 MP: 0/34
 53583 | Depths:2 | Learned a level 7 spell: Malign Gateway
 53601 | Depths:2 | Found a one-way gate leading to the halls of Pandemonium.
 54031 | Depths:2 | Reached skill level 10 in Armour
 54208 | Depths:2 | Identified the +2 ring mail "Hiyskitz" {rCorr}
 54209 | Depths:2 | Identified the +10 battleaxe of Midwinter {drain, Contam
                  | rElec Int+4 Dex+3}
 55052 | Snake:1  | Bought +0 pearl dragon scales for 1500 gold pieces
 55152 | Lair:1   | Upgraded the game from 0.29-a0-876-gfc89b1a5bd to
                  | 0.29-a0-885-gb26ba3297d
 56106 | Vaults:1 | Entered Level 1 of the Vaults
 56112 | Vaults:1 | Found Keag's Antique Weapon Shop.
 56147 | Vaults:1 | Identified the +2 robe "Jichiciz" {Harm Fly Str+2 SInv}
 56670 | Vaults:1 | Reached skill level 16 in Summonings
 57979 | Vaults:1 | Found a portal to a secret trove of treasure.
 59410 | Vaults:2 | Reached XP level 23. HP: 191/210 MP: 16/35
 61251 | Vaults:3 | Found Woqeum's Antique Weapon Emporium.
 61297 | Vaults:3 | Identified the +6 spear of Hepliaklqana's Pride {drain,
                  | Dex+3}
 61799 | Vaults:3 | Reached skill level 17 in Summonings
 61825 | Vaults:3 | Found a staircase to the Crypt.
 63231 | Vaults:4 | Noticed Mennas
 63243 | Vaults:4 | Killed Mennas
 63343 | Vaults:4 | Noticed Xtahua
 63351 | Vaults:4 | Reached XP level 24. HP: 65/223 MP: 1/35
 63383 | Vaults:4 | Reached skill level 10 in Long Blades
 63694 | Vaults:4 | Killed Xtahua
 63902 | Vaults:4 | Found Urghaam's Weapon Shop.
 64883 | Orc:2    | Bought a scroll of blinking for 120 gold pieces
 64883 | Orc:2    | Bought 3 scrolls of blinking for 360 gold pieces
 64883 | Orc:2    | Bought a scroll of enchant armour for 120 gold pieces
 64883 | Orc:2    | Bought a scroll of enchant armour for 120 gold pieces
 65061 | Lair:1   | Learned a level 5 spell: Manifold Assault
 65440 | Depths:3 | Identified the +7 shortbow "Arbiter" {freeze, rPois Int+4}
 67777 | Depths:4 | Entered Level 4 of the Depths
 68601 | Depths:3 | Reached skill level 15 in Fighting
 68703 | Depths:4 | Noticed a juggernaut
 68713 | Depths:4 | Killed a juggernaut
 69085 | Depths:4 | Reached skill level 18 in Summonings
 69161 | Depths:4 | Found a gate to the Realm of Zot.
 69885 | Vaults:5 | Entered Level 5 of the Vaults
 69897 | Vaults:5 | Reached XP level 25. HP: 158/234 MP: 20/36
 69898 | Vaults:5 | Noticed a dread lich
 69900 | Abyss:3  | Found a corrupted altar of Lugonu.
 69900 | Abyss:3  | Cast into level 3 of the Abyss (vault guard)
 69927 | Abyss:3  | Paralysed by you for 3 turns
 70097 | Abyss:3  | Gained mutation: You are extremely frail. (-30% HP) [a
                  | neqoxec]
 70279 | Vaults:5 | Escaped the Abyss
 70286 | Vaults:4 | Killed a dread lich
 70430 | Vaults:5 | Noticed Margery
 70437 | Abyss:3  | Cast into level 3 of the Abyss (hell knight)
 70628 | Abyss:3  | Gained mutation: Your magical capacity is low. (-10% MP) [a
                  | shining eye]
 70698 | Vaults:4 | Escaped the Abyss
 70806 | Vaults:5 | Killed Margery
 71048 | Vaults:5 | Noticed a dread lich
 71062 | Vaults:5 | Killed a dread lich
 71063 | Vaults:5 | Reached skill level 10 in Spellcasting
 71629 | Vaults:5 | Reached skill level 10 in Dodging
 71635 | Vaults:5 | HP: 1/208 [war gargoyle/+0 dire flail (17)]
 71641 | Vaults:5 | HP: 5/208 [yaktaur captain/bolt (8)]
 71644 | Vaults:5 | Killed from afar by a quicksilver dragon

Illustrated notes

Levels and vault maps discovered:
D:1:      mushboom_english_gardens, layout_basic
D:2:      kennysheep_big_flooded_room, layout_loops_ring, uniq_sigmund
D:3:      layout_loops_ring, xom_teletrap_fun,
          hellmonk_ecumenical_altar_prayer_group, serial_shops,
          nicolae_shop_hallway_plus, nicolae_underground_beach
D:4:      layout_loops_ring, mainiacjoe_overflow_chevrons,
          mainiacjoe_overflow_tiny_flanked, uniq_crazy_yiuf_cottage,
          uniq_edmund, uniq_pikel
D:5:      layout_loops_cross, amcnicky_altar_gilded,
          nicolae_overflow_two_pavilions, nicolae_dithmenos_the_darkroom,
          ebering_ghost_sewer_d
D:6:      layout_basic, uniq_eustachio
D:7:      layout_layer_cave, nicolae_hepliaklqana_hippocampus,
          minmay_temple_entry_mist, minmay_fire_ice_demons
D:8:      layout_loops_corners, minmay_lair_entry_grove,
          gammafunk_ghost_necromancy, serial_shops, nicolae_shop_behind_doors,
          grunt_ministairs_12, kennysheep_generic_room_7, uniq_grum
D:9:      layout_basic, kennysheep_mini_moat
D:10:     layout_cave_pools, tgw_sif, lightli_temple_of_fire,
          serial_column_ruins, column_ruins_open_tiny,
          column_ruins_corridor_dead_end, column_ruins_columns_water,
          column_ruins_corridor_T, column_ruins_columns_straight,
          column_ruins_columns_straight, uniq_josephine
D:11:     layout_loops_ring, david_orc_4, uniq_erolcha
D:12:     layout_cave_pods, gauntlet_entry_generic, hangedman_weighted_door,
          ashenzari_conservatory_becter
D:13:     layout_basic, serial_shops, nicolae_lakefront_shop
D:14:     minmay_stepped, layout_basic, erik_vaults_1, serial_shops, shop,
          gammafunk_ghost_smash, nicolae_qazlal_general_emergency,
          nicolae_tso_carved_into_rock
D:15:     grunt_enter_depths_snipers, layout_long_grid, serial_bayou_shore_b,
          gammafunk_ghost_grave, minivault_11
Lair:1:   dreamdust_isle_of_ice, layout_regular_city
Lair:2:   layout_hall_layers, guppyfry_snake_entry_island,
          grunt_forest_stairs_clearing, infiniplex_staircase_pool_2,
          uniq_amaemon
Lair:3:   layout_layer_cave, minmay_shoals_entry_lonely_mermaid,
          hangedman_lair_unloving_vines
Lair:4:   layout_roguey, grunt_forest_large_clearing_hut
Lair:5:   hellmonk_lair_end_abyssal_woods, layout_regular_city,
          minmay_slime_entry_pillars
Shoals:1: layout_shoals, hangedman_shoal_volcano
Shoals:2: layout_shoals, serial_shops, shop, ebering_ghost_disaster_area,
          uniq_ilsuiw
Shoals:3: layout_shoals, serial_shops,
          nicolae_shop_temple_entry_statues_fountains, shop, shop_coins
Shoals:4: shoals_end_hellmonk_lost_city
Snake:1:  layout_basic, serial_shops, nicolae_diamond_shop, nicolae_shop_stone,
          uniq_asterion
Snake:2:  layout_cave_town, serial_shops, shop, nicolae_snake_omega,
          serial_bayou_shore_b, grunt_megastairs_5, uniq_azrael, uniq_aizul
Snake:3:  dpeg_oklob_gauntlet, layout_misc_corridors, basic_altar, uniq_vashnia
Snake:4:  snake_pit, layout_onion
Orc:1:    layout_caves, serial_shops, nicolae_shop_behind_doors, bloody_makhleb
Orc:2:    st_orc_ogre_mass, layout_caves
Elf:1:    eino_elf_arrival_altar, layout_onion_city, basic_altar,
          hangedman_elf_represent
Elf:2:    nicolae_elf_blades_splatter_lattice [infiniplex_blade_entry_pillars],
          layout_loops_cross
Elf:3:    elf_hall, layout_loops_cross, portal_ice_cave_entry_ice_statue_one,
          minmay_shop_star
Vaults:1: dpeg_vaults_monster_row, nicolae_vaults_rhombus_6,
          nicolae_vaults_three_branches, vaults_room_door_ring,
          nicolae_vaults_diagonal_hallway_9, vaults_room_door_ring, v_misc_22,
          ontoclasm_vaults_spin, nicolae_vaults_mini_display_case,
          vaults_mumra_hex, grunt_vaults_diagonal,
          nicolae_vaults_border_crossing, ontoclasm_vaults_hangar,
          layout_vaults_omnigrid, serial_shops, nicolae_shop_statue_plus,
          enter_trove_1
Vaults:2: nicolae_vaults_little_squares_5, v_misc_8, ontoclasm_vaults_eye,
          nicolae_vaults_angled_halls, v_misc_8, vaults_room_grid,
          ontoclasm_vaults_fault, hangedman_vaults_impose,
          layout_vaults_big_room
Vaults:3: infiniplex_enter_wizlab_glasses,
          vaults_standard_mumra_enter_the_diamond, nicolae_vaults_gold_heap,
          grunt_vaults_funnel, minmay_crypt_entry_simple_sparse,
          nicolae_vaults_little_squares_2, vaults_dpeg_encased_lava,
          nicolae_vaults_twisting_passages, v_misc_16, grunt_vaults_swirl,
          v_rooms_2, layout_vaults_omnibox, serial_shops, shop_coins
Vaults:4: nicolae_vaults_stairing_the_circle, hangedman_vaults_maws,
          nicolae_vaults_yaktaur_gun_rack, v_alt_pattern_2, vaults_dpeg_cross,
          vaults_room_door_hall, v_pattern_2, nicolae_vaults_diagonal_hallway_6,
          nicolae_vaults_bisected_slash, nicolae_vaults_little_squares_6,
          st_cross, layout_vaults_maze_bifur, serial_shops,
          nicolae_lakefront_shop, uniq_mennas, uniq_xtahua
Vaults:5: uniq_bai_suzhen, uniq_margery, uniq_mara
Depths:1: layout_gridlike, hellmouth_1, minmay_misc_feat_more_columns,
          serial_shops, shop, chequers_serial_rivers_large_b,
          nemelex_altar_shiori, serial_bayou_shore_b, uniq_nikola
Depths:2: kennysheep_large_vault, layout_basic, enter_ziggurat_d, abyss_entry,
          pan_entry, hell_entry, minmay_misc_feat_ornament
Depths:3: minmay_ambush_box, layout_small_grid, minmay_room_of_horrors,
          hell_entry, nicolae_kite_square_tiling_tiny, hangedman_decor_growths,
          amcnicky_mini_corridor_feature, minmay_staircase_statues
Depths:4: grunt_zot_entry_tricorne, layout_cave_pools, hell_entry,
          solitary_fountain, abyss_entry

Skill      XL: |  1  2  3  4  5  6  7  8  9 10 11 12 13 14 15 16 17 18 19 20 21 22 23 24 25 |
---------------+----------------------------------------------------------------------------+-----
Dodging        | 2 3 4 5 6 7 9 10 | 10.0
Transmutations | 2 3 4 |  4.3
Air Magic      | 1 2 3 5 6 7 8 9 10 11 | 11.1
Poison Magic   | 5 6 7 8 9 10 | 10.0
Conjurations   | 3 5 6 8 9 10 11 12 | 12.6
Armour         | 1 3 5 6 7 8 9 10 | 10.6
Spellcasting   | 4 6 7 8 9 10 | 10.0
Invocations    | 2 5 7 9 10 11 13 14 15 | 15.0
Maces & Flails | 3 6 7 9 10 12 | 12.1
Summonings     | 4 6 8 10 12 13 14 15 16 17 18 | 18.6
Shields        | 4 7 9 10 12 13 | 13.2
Fighting       | 6 8 10 12 13 14 15 | 15.4
Translocations | 5 8 10 11 12 14 | 14.6
Long Blades    | 5 7 9 11 12 | 12.1
Stealth        | |  3.0

Action                   |  1- 3 |  4- 6 |  7- 9 | 10-12 | 13-15 | 16-18 | 19-21 | 22-24 | 25-27 || total
-------------------------+-------+-------+-------+-------+-------+-------+-------+-------+-------++-------
Melee: Unarmed           |    14 |       |       |       |       |       |       |       |       ||    14
       War axe           |     2 |       |       |       |       |       |       |       |       ||     2
       Long sword        |    13 |    17 |       |       |       |       |       |       |       ||    30
       Punch             |     1 |       |     3 |     4 |       |       |       |       |       ||     8
       Flail             |       |    10 |   154 |    99 |       |       |       |       |       ||   263
       Whip              |       |       |    15 |   169 |    85 |       |       |       |       ||   269
       Great mace        |       |       |       |       |   284 |   106 |       |       |       ||   390
       Constrict         |       |       |       |       |   119 |   205 |   224 |   229 |    36 ||   813
       Demon whip        |       |       |       |       |       |   721 |  1043 |   326 |       ||  2090
       Scimitar          |       |       |       |       |       |       |       |   801 |   226 ||  1027
Throw: Dart              |       |       |       |       |     1 |       |       |       |       ||     1
 Cast: Sting             |    42 |    46 |    40 |    25 |       |       |       |       |       ||   153
       Poisonous Vapours |     2 |    15 |    38 |    61 |    17 |     4 |       |       |       ||   137
       Magic Dart        |       |       |    70 |    55 |   172 |    74 |     5 |       |       ||   376
       Mephitic Cloud    |       |       |     7 |    46 |    25 |    11 |     5 |     4 |       ||    98
       Olgreb's Toxic Ra |       |       |     2 |     8 |    33 |     7 |    16 |     6 |       ||    72
       Iskenderun's Batt |       |       |       |     9 |    49 |    27 |     3 |       |       ||    88
       Conjure Ball Ligh |       |       |       |       |     3 |    15 |       |       |       ||    18
       Ignite Poison     |       |       |       |       |     2 |    16 |    21 |    16 |       ||    55
       Summon Cactus Gia |       |       |       |       |       |    17 |    48 |    32 |     7 ||   104
       Summon Lightning  |       |       |       |       |       |     6 |    44 |    59 |    20 ||   129
       Summon Forest     |       |       |       |       |       |       |    17 |    14 |     2 ||    33
       Malign Gateway    |       |       |       |       |       |       |       |    18 |    10 ||    28
       Manifold Assault  |       |       |       |       |       |       |       |    10 |    12 ||    22
Invok: Bend Time         |       |       |     2 |     1 |       |     1 |     1 |       |       ||     5
       Slouch            |       |       |       |     5 |    11 |    21 |       |     6 |       ||    43
       Temporal Distorti |       |       |       |       |     2 |       |       |     1 |       ||     3
       Step From Time    |       |       |       |       |       |     1 |     5 |     3 |     3 ||    12
 Abil: Spit Poison       |     5 |     5 |     9 |    16 |    19 |     1 |       |       |       ||    55
Evoke: Wand              |       |     6 |     4 |    17 |    29 |    43 |     9 |     1 |     2 ||   111
       Box of beasts     |       |       |       |       |     1 |     1 |       |     2 |     1 ||     5
       Condenser vane    |       |       |       |       |       |       |     5 |       |       ||     5
       Phantom mirror    |       |       |       |       |       |       |       |     1 |     1 ||     2
  Use: Scroll            |       |     6 |     7 |    10 |    16 |    19 |    12 |    16 |     4 ||    90
       Potion            |       |       |       |     1 |     2 |    13 |    13 |     4 |     9 ||    42
 Stab: Confused          |       |       |     4 |    16 |    19 |     1 |       |     2 |     2 ||    44
       Sleeping          |       |       |     1 |       |     7 |     5 |     7 |       |       ||    20
       Distracted        |       |       |       |       |     4 |     3 |    14 |    22 |     3 ||    46
       Invisible         |       |       |       |       |       |       |     1 |       |       ||     1
Armor: Robe              |    10 |    18 |   123 |    61 |       |       |       |       |       ||   212
       Ring mail         |       |       |       |   122 |   256 |   101 |       |       |       ||   479
       Leather armour    |       |       |       |       |       |   242 |   401 |    41 |       ||   684
       Pearl dragon scal |       |       |       |       |       |       |       |   514 |   170 ||   684
Dodge: Dodged            |    28 |    20 |   155 |   334 |   486 |   405 |   366 |   368 |   157 ||  2319
Block: Kite shield       |       |       |       |       |       |   821 |  1163 |  1374 |   228 ||  3586
       Reflection        |       |       |       |       |       |   130 |   125 |     3 |       ||   258

Table legend: (Time is in decaauts)
 A = Elapsed time spent in this place.
 B = Non-inter-level travel time spent in this place.
 C = Inter-level travel time spent in this place.
 D = Time resting spent in this place.
 E = Time spent auto-exploring this place.
 F = Levels seen in this place.
 G = Mean time per level.
                   A        B        C        D        E       F      G
               +--------+--------+--------+--------+--------+-----+--------+
         Total | 134279 | 105729 |  28550 |  16366 |  56963 |  45 | 2984.0 |
       Dungeon |  45077 |  30258 |  14819 |   2774 |  22295 |  15 | 3005.1 |
          Lair |  16605 |  12778 |   3827 |    564 |   9666 |   5 | 3321.0 |
        Shoals |   9095 |   7807 |   1288 |   1447 |   2885 |   4 | 2273.8 |
     Snake Pit |  13548 |  12329 |   1219 |   3046 |   5563 |   4 | 3387.0 |
  Orcish Mines |   3754 |   2672 |   1082 |    175 |   1988 |   2 | 1877.0 |
   Elven Halls |  10600 |  10036 |    564 |   1799 |   5045 |   3 | 3533.3 |
        Vaults |  17202 |  14632 |   2570 |   3110 |   5327 |   5 | 3440.4 |
        Depths |  16589 |  13412 |   3177 |   3100 |   4191 |   4 | 4147.2 |
         Abyss |   1295 |   1295 |      0 |     80 |      0 |   2 |  647.5 |
      Ice Cave |    511 |    511 |      0 |    266 |      0 |   1 |  511.0 |
               +--------+--------+--------+--------+--------+-----+--------+

Top non-repeatable levels by time:
Depths:2: 6317 daAuts
     D:8: 5564 daAuts
    D:12: 5190 daAuts
  Lair:1: 5080 daAuts
Depths:1: 4985 daAuts
Vaults:1: 4560 daAuts
Vaults:4: 4274 daAuts
   Elf:3: 4244 daAuts
    D:15: 4215 daAuts
Vaults:2: 4113 daAuts
Vaults:3: 4074 daAuts
 Snake:2: 4028 daAuts
    D:14: 3802 daAuts
     D:9: 3705 daAuts
 Snake:4: 3577 daAuts
